 Dungeon Crawl Stone Soup version 0.30-a0-639-g3916f1956a (webtiles) character file.

Game seed: 7080255809889782570

550 Mitcholas the Chopper (level 7, -4/41 HPs)
             Began as a Gargoyle Fighter on Jan 15, 2023.
             Slain by a mummy (15 damage)
             ... in an ossuary.
             The game lasted 00:04:05 (2426 turns).

Mitcholas the Chopper (Gargoyle Fighter)            Turns: 2426, Time: 00:04:06

Health: -4/41      AC: 12    Str: 22    XL:     7   Next: 29%
Magic:  7/7        EV:  9    Int:  8    God:
Gold:   205        SH:  4    Dex:  9    Spells: 6/6 levels left

rFire   . . .      SeeInvis .    a - +0 war axe
rCold   . . .      Faith    .    c - +0 buckler
rNeg    + . .      Spirit   .    b - +0 scale mail
rPois   ∞          Reflect  .    (no helmet)
rElec   +          Harm     .    (no cloak)
rCorr   +          Rampage  .    s - +0 pair of gloves
Will    .....                    (no boots) Stlth
                                 (no amulet)
HPRegen 0.26/turn                m - ring of resist corrosion
MPRegen 0.10/turn                (no ring)

@: no status effects
A: sickness immunity, AC +4, negative energy resistance 1, electricity
resistance, torment resistance 1, petrification resistance
a: no special abilities


You were in an ossuary.
You visited 1 branch of the dungeon, and saw 4 of its levels.
You also visited: Ossuary.

You collected 205 gold pieces.

Inventory:

Hand Weapons
 a - a +0 war axe (weapon)
Missiles
 h - 10 poisoned darts (quivered)
Armour
 b - a +0 scale mail (worn)
 c - a +0 buckler (worn)
 s - a +0 pair of gloves (worn)
Jewellery
 m - a ring of resist corrosion (left hand)
Wands
 q - a wand of roots (2)
Scrolls
 e - 2 scrolls of enchant armour {unknown}
 f - a scroll of magic mapping {unknown}
 g - 3 scrolls of blinking {unknown}
 k - a scroll of fear {unknown}
 n - a scroll of teleportation {unknown}
 p - 3 scrolls of identify {unknown}
 r - a scroll of enchant weapon {unknown}
 v - a scroll of summoning {unknown}
 w - a scroll of poison {unknown}
Potions
 d - a potion of might
 i - 2 potions of degeneration {unknown}
 j - a potion of heal wounds {unknown}
 l - 3 potions of mutation {unknown}
 o - a potion of berserk rage {unknown}
 t - 2 potions of flight {unknown}
 u - a potion of curing {unknown}


   Skills:
 - Level 3.2 Fighting
 + Level 7.1 Axes
 - Level 3.2 Armour
 - Level 3.2 Shields


You had 6 spell levels left.
You didn't know any spells.
Your spell library contained the following spells:

 Spells                   Type           Power      Damage    Failure   Level
 Summon Small Mammal      Summ           0%         N/A       83%         1
 Call Canine Familiar     Summ           0%         N/A       99%         3
 Summon Guardian Golem    Hex/Summ       0%         N/A       99%         3


Dungeon Overview and Level Annotations

Branches:
Dungeon (4/15)            Ossuary (1/1)
 Temple: D:4-7

Altars:
Dithmenos
Kikubaaqudgha
Trog


Innate Abilities, Weirdness & Mutations

You are immune to sickness and miasma.
Your stone body is resilient. (AC +4)
You are immune to poison.
You resist negative energy. (rN+)
You are resistant to electric shocks. (rElec)
You are resistant to unholy torment.
You are immune to petrification.


Message History

The scorpion stings you but does no damage.
You closely miss the scorpion.
The scorpion is moderately wounded.
The scorpion stings you.
You slash the scorpion!
The scorpion is almost dead.
The scorpion stings you but does no damage.
The scorpion stings you.
You closely miss the scorpion.
The scorpion is almost dead.
You block the scorpion's attack.
You closely miss the scorpion.
The scorpion is almost dead.
The scorpion stings you. x2
You hit the scorpion.
The scorpion is almost dead.
You block the scorpion's attack.
You hit the scorpion but do no damage.
The scorpion is almost dead.
The scorpion barely misses you. The scorpion closely misses you.
You hit the scorpion.
You kill the scorpion!
Your Axes skill increases to level 7!
There is an open door here.
You see here a scorpion corpse.
You open the door.
There is an open door here.
You hit the mummy.
The mummy is moderately damaged.
The mummy hits you!
You slash the mummy!
The mummy is almost destroyed.
You completely miss the mummy.
The mummy is almost destroyed.
The mummy hits you!
* * * LOW HITPOINT WARNING * * *
You barely miss the mummy.
The mummy is almost destroyed.
The mummy hits you!
You die...

###8.....8###
#...........#
#...........#
#.....8.....#
#....†#.....#
#.....#.....#
##†#######'##########
#...#".!#...#...#...#
#...@M.?#...'...8...#
#...#???#...#.......#
##############8...8##
#...#...#...#.......#
#.∩.†...8...#...8...#
#...#.......#...#...#
##'###8...8###'######
#...#.......#...#M.?#
#.∩.#...8...'...#?.!+


You could see a mummy.

Vanquished Creatures
  5 scorpions (Ossuary)
  A centaur zombie (Ossuary)
  A hound (D:3)
  3 scorpion zombies (Ossuary)
  A gnoll (D:1)
  4 adders (D:2)
  3 worms
  A dart slug (D:2)
  An orc (D:3)
  8 ball pythons
  4 bats
  7 endoplasms
  2 giant cockroaches
  7 goblins
  3 hobgoblins
  4 quokkas
  4 frilled lizards
  A goblin zombie (Ossuary)
  A hobgoblin zombie (Ossuary)
  5 kobolds
  2 orc zombies (Ossuary)
  4 rats
72 creatures vanquished.

Notes
Turn   | Place    | Note
-------+----------+-------------------------------------------
     0 | D:1      | Mitcholas the Gargoyle Fighter began the quest for the Orb.
     0 | D:1      | Reached XP level 1. HP: 14/14 MP: 1/1
    80 | D:1      | Reached skill level 2 in Axes
    99 | D:1      | Reached XP level 2. HP: 14/19 MP: 2/2
   275 | D:1      | Reached skill level 3 in Axes
   509 | D:1      | Reached XP level 3. HP: 23/23 MP: 3/3
  1026 | D:2      | Found a shadowy altar of Dithmenos.
  1100 | D:2      | Reached XP level 4. HP: 28/28 MP: 4/4
  1183 | D:2      | Reached skill level 4 in Axes
  1785 | D:3      | Reached XP level 5. HP: 27/32 MP: 5/5
  2161 | D:4      | Found an ancient bone altar of Kikubaaqudgha.
  2162 | D:4      | Found a bloodstained altar of Trog.
  2192 | D:4      | Found a sand-covered staircase.
  2201 | Ossuary  | Entered an ossuary
  2217 | Ossuary  | Reached skill level 5 in Axes
  2249 | Ossuary  | Reached XP level 6. HP: 32/37 MP: 6/6
  2272 | Ossuary  | Reached skill level 6 in Axes
  2381 | Ossuary  | Reached XP level 7. HP: 35/41 MP: 7/7
  2417 | Ossuary  | Reached skill level 7 in Axes
  2426 | Ossuary  | Slain by a mummy

Illustrated notes

Levels and vault maps discovered:
D:1:      dpeg_arrival_another_circle, layout_loops_ring, minivault_24
D:2:      layout_loops_ring, basic_altar
D:3:      layout_rooms
D:4:      layout_cave_pools, grunt_temple_overflow_open, enter_ossuary_1,
          st_stairs_12, minmay_surrounded
Ossuary:  ossuary_minmay_scorpions

Skill      XL: |  1  2  3  4  5  6  7 |
---------------+----------------------+-----
Axes           | 2 3 4 5 6 7 |  7.1
Fighting       | |  3.2
Armour         | |  3.2
Shields        | |  3.2

Action                   |  1- 3 |  4- 6 |  7- 9 || total
-------------------------+-------+-------+-------++-------
Melee: War axe           |    72 |   149 |    14 ||   235
Armor: Scale mail        |    43 |    86 |     2 ||   131
Dodge: Dodged            |    32 |    78 |     5 ||   115
Block: Buckler           |    16 |    21 |     3 ||    40

Table legend: (Time is in decaauts)
 A = Elapsed time spent in this place.
 B = Non-inter-level travel time spent in this place.
 C = Inter-level travel time spent in this place.
 D = Time resting spent in this place.
 E = Time spent auto-exploring this place.
 F = Levels seen in this place.
 G = Mean time per level.
                   A        B        C        D        E       F      G
               +--------+--------+--------+--------+--------+-----+--------+
         Total |   2498 |   2333 |    165 |     30 |   1701 |   5 |  499.6 |
       Dungeon |   2255 |   2090 |    165 |      0 |   1626 |   4 |  563.8 |
       Ossuary |    243 |    243 |      0 |     30 |     75 |   1 |  243.0 |
               +--------+--------+--------+--------+--------+-----+--------+

Top non-repeatable levels by time:
     D:1: 834 daAuts
     D:2: 824 daAuts
     D:3: 507 daAuts
 Ossuary: 243 daAuts
     D:4: 88 daAuts
